 Dungeon Crawl Stone Soup version 0.30-a0-618-gd6c86c23d0 (webtiles) character file.

Game seed: 10165750136928438818

95 bande the Covered (level 4, -1/28 HPs)
             Began as a Gargoyle Fighter on Jan 9, 2023.
             Killed from afar by an orc wizard (5 damage)
             ... with a magic dart
             ... on level 2 of the Dungeon.
             The game lasted 00:02:28 (1567 turns).

bande the Covered (Gargoyle Fighter)                Turns: 1567, Time: 00:02:29

Health: -1/28      AC: 11    Str: 20    XL:     4   Next: 65%
Magic:  4/4        EV:  9    Int:  8    God:
Gold:   108        SH:  0    Dex: 11    Spells: 3/3 levels left

rFire   . . .      SeeInvis .    e - +4 war axe (vamp)
rCold   . . .      Faith    .    c - +0 buckler
rNeg    + . .      Spirit   .    b - +0 scale mail
rPois   ∞          Reflect  .    (no helmet)
rElec   +          Harm     .    p - +0 cloak
rCorr   .          Rampage  .    (no gloves)
Will    .....                    (no boots) Stlth
                                 (no amulet)
HPRegen 0.24/turn                (no ring)
MPRegen 0.09/turn                (no ring)

@: confused
A: sickness immunity, AC +3, negative energy resistance 1, electricity
resistance, torment resistance 1, petrification resistance
a: no special abilities


You were on level 2 of the Dungeon.
You visited 1 branch of the dungeon, and saw 2 of its levels.

You collected 108 gold pieces.

Inventory:

Hand Weapons
 a - a +0 war axe
 e - a +4 vampiric war axe (weapon)
Armour
 b - a +0 scale mail (worn)
 c - a +0 buckler (worn)
 p - a +0 cloak (worn)
Jewellery
 k - a +6 ring of dexterity
 l - a ring of wizardry
Scrolls
 f - 2 scrolls of poison
 j - 3 scrolls of identify
Potions
 d - a potion of might
 g - a potion of haste
 h - a potion of curing {unknown}
 i - a potion of invisibility {unknown}
 m - a potion of brilliance {unknown}


   Skills:
 + Level 3.6 Fighting
 + Level 3.0 Axes
 + Level 4.1 Armour
 - Level 0.1 Stealth
 + Level 3.8 Shields


You had 3 spell levels left.
You didn't know any spells.
Your spell library contained the following spells:

 Spells                   Type           Power      Damage    Failure   Level
 Magic Dart               Conj           0%         1d3       85%         1
 Call Imp                 Summ           0%         N/A       94%         2
 Mephitic Cloud           Conj/Pois/Air  0%         N/A       99%         3


Dungeon Overview and Level Annotations

Branches:
Dungeon (2/15)

Altars:
Vehumet


Innate Abilities, Weirdness & Mutations

You are immune to sickness and miasma.
Your stone body is resilient. (AC +3)
You are immune to poison.
You resist negative energy. (rN+)
You are resistant to electric shocks. (rElec)
You are resistant to unholy torment.
You are immune to petrification.


Message History

You closely miss something. You closely miss the orc.
The orc hits you but does no damage.
You hear some strange, mumbled words.
A magic dart appears from out of thin air!
The magic dart hits you.
Unknown command.
You miss something. You hit the orc.
You feel better. You block something's attack.
The orc hits you but does no damage. The orc closely misses you.
You hear some strange, mumbled words.
You are confused.
You bump into the granite statue.
The orc hits you but does no damage. Something hits you but does no damage.
You barely miss something. You barely miss the orc. The orc closely misses you.
Something hits you.
You bump into the rock wall.
You hear some strange, mumbled words.
You are more confused.
The orc hits you but does no damage.
Unknown command.
You bump into the rock wall.
Something hits you but does no damage. The orc hits you but does no damage.
You bump into the rock wall.
You hear some strange, mumbled words.
A puff of flame appears from out of thin air!
The puff of flame misses you. The orc barely misses you.
You completely miss something. You miss the orc.
The orc hits you with a +0 whip.
You hear some strange, mumbled words.
Something tries to affect you, but you resist.
Unknown command.
You bump into the rock wall.
Something hits you.
* * * LOW HITPOINT WARNING * * *
The orc hits you with a +0 whip.
* * * LOW HITPOINT WARNING * * *
You completely miss something. You closely miss the orc.
You hear some strange, mumbled words.
A magic dart appears from out of thin air!
The magic dart hits you.
You die...

.#.# *...#....#...... .#.#
###########.#....+....#. .#.#
#.........#......##.#.#. .#.#
##.#####...###..<....#.#, .#.#
#......##'##.......#.#.#*
##.######..###.##.##.#....####.#
#..?........#.#.).#...........##
############.#.#8.8#.#.........#.
# #.......#.#@{)#,#.........#. #
####.####..####o##*#####....##.
#..#.###...#,,....,*,,,#..#.#..
###..#...#####,,.....',,,####.###
#....#.###,,,*,......#..,#....#
#.#.##[# *,,,',......#*#*#.####
...>...# *,,,*...[..!# #.#
##..##.# ############# #.#
....)..###......# ### #.#


You could see an orc.

Vanquished Creatures
  4 adders (D:2)
  A dart slug (D:2)
  3 orcs (D:2)
  3 endoplasms (D:2)
  A giant cockroach (D:1)
  4 goblins
  6 hobgoblins
  5 jackals (D:1)
  4 quokkas
  4 ball pythons
  5 bats
  3 frilled lizards (D:1)
  5 kobolds
  A rat (D:1)
49 creatures vanquished.

Notes
Turn   | Place    | Note
-------+----------+-------------------------------------------
     0 | D:1      | bande the Gargoyle Fighter began the quest for the Orb.
     0 | D:1      | Reached XP level 1. HP: 14/14 MP: 1/1
   136 | D:1      | Reached XP level 2. HP: 19/19 MP: 2/2
   641 | D:1      | Reached XP level 3. HP: 23/23 MP: 3/3
  1075 | D:2      | Identified a scroll of acquirement
  1075 | D:2      | Acquired a +4 vampiric war axe
  1185 | D:2      | Reached skill level 4 in Armour
  1338 | D:2      | Found a radiant altar of Vehumet.
  1396 | D:2      | Reached XP level 4. HP: 28/28 MP: 4/4
  1547 | D:2      | Found the +1 Delatra's gloves {ID++}
  1567 | D:2      | Killed from afar by an orc wizard

Illustrated notes

Levels and vault maps discovered:
D:1:      dpeg_arrival_stone_temple_mockup, layout_basic, kennysheep_flooded_box
D:2:      minmay_chambers_of_twos, layout_basic, basic_altar,
          pf_guarded_unrand_delatra

Skill      XL: |  1  2  3  4 |
---------------+-------------+-----
Axes           | 2 3 |  3.0
Armour         | 4 |  4.1
Fighting       | |  3.6
Stealth        | |  0.1
Shields        | |  3.8

Action                   |  1- 3 |  4- 6 || total
-------------------------+-------+-------++-------
Melee: War axe           |   136 |    31 ||   167
  Use: Scroll            |    10 |       ||    10
Armor: Scale mail        |    94 |    22 ||   116
Dodge: Dodged            |    92 |    17 ||   109
Block: Buckler           |    38 |    11 ||    49

Table legend: (Time is in decaauts)
 A = Elapsed time spent in this place.
 B = Non-inter-level travel time spent in this place.
 C = Inter-level travel time spent in this place.
 D = Time resting spent in this place.
 E = Time spent auto-exploring this place.
 F = Levels seen in this place.
 G = Mean time per level.
                   A        B        C        D        E       F      G
               +--------+--------+--------+--------+--------+-----+--------+
         Total |   1638 |   1620 |     18 |      0 |   1210 |   2 |  819.0 |
       Dungeon |   1638 |   1620 |     18 |      0 |   1210 |   2 |  819.0 |
               +--------+--------+--------+--------+--------+-----+--------+

Top non-repeatable levels by time:
     D:1: 867 daAuts
     D:2: 771 daAuts
